 Dungeon Crawl Stone Soup version 0.27-a0-1202-ge72e49191c (webtiles) character file.

Game seed: 13876653323777440729

74 pkoi the Ruffian (level 4, -7/33 HPs)
             Began as a Demonspawn Gladiator on June 3, 2021.
             Killed by divine providence
             ... invoked by an orc priest
              (17 damage)
             ... on level 3 of the Dungeon.
             The game lasted 00:04:33 (3084 turns).

pkoi the Ruffian (Demonspawn Gladiator)             Turns: 3084, Time: 00:04:33

Health: -7/33      AC:  4    Str: 16    XL:     4   Next: 9%
Magic:  4/4        EV: 12    Int:  9    God:
Gold:   73         SH:  0    Dex: 14    Spells: 3/3 levels left

rFire    . . .     SeeInvis .   l - +3 whip
rCold    . . .     Faith    .   (no shield)
rNeg     . . .     Spirit   .   a - +0 leather armour
rPois    .         Reflect  .   b - +0 helmet
rElec    .         Harm     .   (no cloak)
rCorr    .         Rampage  .   (no gloves)
Will     .....                  (no boots)
Stlth    +.........             (no amulet)
HPRegen  0.11/turn              (no ring)
MPRegen  0.09/turn              (no ring)

@: no status effects
A: talons 1, demonic guardian 1, spiny 1
a: no special abilities


You were on level 3 of the Dungeon.
You visited 1 branch of the dungeon, and saw 3 of its levels.

You collected 73 gold pieces.

Inventory:

Hand Weapons
 l - a +3 whip (weapon)
Missiles
 c - 24 poisoned darts (quivered)
 h - 16 javelins
 k - 3 throwing nets
 m - 6 curare-tipped darts
Armour
 a - a +0 leather armour (worn)
 b - a +0 helmet (worn)
Scrolls
 d - 2 scrolls of teleportation {unknown}
 e - a scroll of amnesia {unknown}
 f - 2 scrolls of identify {unknown}
 i - a scroll of torment {unknown}
 n - a scroll of noise {unknown}
Potions
 g - a potion of flight {unknown}
 j - a potion of lignification {unknown}
 o - 2 potions of curing {unknown}


   Skills:
 - Level 2.0 Fighting
 - Level 1.7 Throwing
 - Level 2.6 Dodging
 + Level 4.5 Unarmed Combat


You had 3 spell levels left.
You didn't know any spells.
Your spell library was empty.

Dungeon Overview and Level Annotations

Branches:
Dungeon (3/15)

Altars:
Vehumet
Yredelemnul


Innate Abilities, Weirdness & Mutations

You have sharp toenails.
A weak demonic guardian rushes to your aid.
You are partially covered in sharp spines.


Message History

No target in view!
No target in view!
No target in view!
No target in view!
No target in view!
No target in view!
No target in view!
No target in view!
No target in view!
No target in view!
No target in view!
No target in view!
Found 24 sling bullets.
An orc priest comes into view. It is wielding a +0 war axe.
The orc priest shouts!
An orc priest is nearby!
An orc priest is nearby!
An orc comes into view. It is wielding a +0 short sword.
An orc comes into view. It is wielding a +0 falchion.
The orc shouts!
An orc priest comes into view. It is wielding a +0 flail.
The orc priest hits you with a +0 war axe.
You barely miss the orc priest.
The orc priest shouts!
Your kick misses the orc priest. The orc priest barely misses you.
You closely miss the orc priest. Your kick misses the orc priest.
The orc priest hits you but does no damage.
The orc priest calls down the wrath of Beogh upon you.
Beogh smites you!
You barely miss the orc priest.
The orc priest hits you with a +0 war axe.
The orc is struck by your spines. The orc hits you with a +0 falchion.
The orc closely misses you.
Unknown command.
The orc is struck by your spines. The orc hits you with a +0 short sword.
* * * LOW HITPOINT WARNING * * *
The orc priest calls down the wrath of Beogh upon you.
Beogh smites you!
Ouch! That really hurt!
You die...

#........# #..........# #.
###........# #..........#.$..
#..........# #..........#.. .
#....†.....# #.............
#..........# #..........#..
#..........####..........#...
#...........†................
#.........#######...........
#............@..oo..........
#.........#######oo.......(.
#.........# #...(.......
#.........# ###o....(.....
#.........# #.............
#.........# #.............
#########.# #...........##
### #...##.####.# #...##.# ..


You could see 2 orc priests and 2 orcs.

Vanquished Creatures
  2 adders
  2 worms (D:2)
  2 dart slugs (D:3)
  An orc (D:3)
  5 bats
  5 endoplasms
  A giant cockroach (D:1)
  3 goblins
  A hobgoblin (D:2)
  3 quokkas
  7 ball pythons
  3 frilled lizards
  6 kobolds
  5 rats
46 creatures vanquished.

Notes
Turn   | Place    | Note
-------+----------+-------------------------------------------
     0 | D:1      | pkoi the Demonspawn Gladiator began the quest for the Orb.
     0 | D:1      | Reached XP level 1. HP: 16/16 MP: 1/1
   131 | D:1      | Found a faded altar of an unknown god.
   178 | D:1      | Reached skill level 3 in Unarmed Combat
   552 | D:1      | Gained mutation: A weak demonic guardian rushes to your
                  | aid. [demonic ancestry]
   552 | D:1      | Reached XP level 2. HP: 21/22 MP: 2/2
  1943 | D:2      | Gained mutation: You have sharp toenails. [demonic
                  | ancestry]
  1943 | D:2      | Reached XP level 3. HP: 27/27 MP: 3/3
  2060 | D:2      | Reached skill level 4 in Unarmed Combat
  2857 | D:3      | Gained mutation: You are partially covered in sharp spines.
                  | [demonic ancestry]
  2857 | D:3      | Reached XP level 4. HP: 33/33 MP: 4/4
  3006 | D:3      | Found a radiant altar of Vehumet.
  3038 | D:3      | Found a basalt altar of Yredelemnul.
  3084 | D:3      | Killed from afar by an orc priest

Illustrated notes

Levels and vault maps discovered:
D:1:      lightli_arrival_flooded_house, layout_rooms, basic_ecumenical_altar
D:2:      layout_loops_corners, chequers_serial_rivers_micro_e
D:3:      layout_basic, grunt_temple_overflow_open, old_standard_altar,
          uniq_crazy_yiuf_cottage

Skill      XL: |  1  2  3 |
---------------+----------+-----
Unarmed Combat | 3 4 |  4.5
Fighting       | |  2.0
Throwing       | |  1.7
Dodging        | |  2.6

Action                   |  1- 3 |  4- 6 || total
-------------------------+-------+-------++-------
Melee: Unarmed           |    97 |       ||    97
       Punch             |     2 |       ||     2
       Whip              |    36 |     8 ||    44
       Kick              |     5 |       ||     5
Throw: Dart              |    19 |       ||    19
       Throwing net      |     1 |       ||     1
 Stab: Sleeping          |     2 |       ||     2
Armor: Leather armour    |    38 |     4 ||    42
Dodge: Dodged            |    75 |     3 ||    78

Table legend: (Time is in decaauts)
 A = Elapsed time spent in this place.
 B = Non-inter-level travel time spent in this place.
 C = Inter-level travel time spent in this place.
 D = Time resting spent in this place.
 E = Time spent auto-exploring this place.
 F = Levels seen in this place.
 G = Mean time per level.
                   A        B        C        D        E       F      G
               +--------+--------+--------+--------+--------+-----+--------+
         Total |   3081 |   2984 |     97 |    976 |   1508 |   3 | 1027.0 |
       Dungeon |   3081 |   2984 |     97 |    976 |   1508 |   3 | 1027.0 |
               +--------+--------+--------+--------+--------+-----+--------+

Top non-repeatable levels by time:
     D:1: 1394 daAuts
     D:2: 1023 daAuts
     D:3: 663 daAuts
